FCL
FCL PHILADELPHIA PHILLIES @ FCL ARIZONA DIAMONDBACKS
06/09/2042
 
TOP OF THE 1ST
FCL Philadelphia Phillies batting - Pitching for FCL Arizona Diamondbacks : RHP Raúl Rodríguez
Pitching: RHP Raúl Rodríguez
Batting: SHB Mike Bell 0-0: Fly out, F9 (Line Drive, 9D, EV 89.4 MPH)
Batting: RHB Curt Singleton 0-0: Called Strike
0-1: Foul Ball, location: 9LSF
0-2: Ball
1-2: Strikes out swinging
Batting: RHB Rob Castillo 0-0: Called Strike
0-1: Ball
1-1: Ball
2-1: Called Strike
2-2: Strikes out swinging
Top of the 1st over - 0 runs, 0 hits, 0 errors, 0 left on base; FCL Philadelphia 0 - FCL Arizona 0
BOTTOM OF THE 1ST
FCL Arizona Diamondbacks batting - Pitching for FCL Philadelphia Phillies : LHP José López
Pitching: LHP José López
Batting: RHB Gil Ramírez 0-0: Ball
1-0: Swinging Strike
1-1: Ball
2-1: Ball
3-1: Base on Balls
Batting: SHB Ed Palmer 0-0: Sac Bunt to 15 - play at first, batter OUT! 1-3
Gil Ramírez to second
Batting: RHB Juan González 0-0: Called Strike
Gil Ramírez steals 3rd base
0-1: Ball
1-1: Fly out, F8 (Flyball, 8LD, EV 90.0 MPH)
Runner from 3rd tags up, SCORES, no throw by CF
Batting: LHB Luis Castro 0-0: Ball
1-0: Ball
2-0: Ball
3-0: Called Strike
3-1: Base on Balls
Batting: RHB Tommy Holland 0-0: Ball
1-0: Ball
2-0: 2-RUN HOME RUN (Flyball, 89XD, EV 107.5 MPH), Distance : 398 ft
Pitching: RHP Jonathan Brooks
Batting: RHB Teddy Lamb 0-0: Ball
1-0: Swinging Strike
1-1: DOUBLE (Line Drive, 9LD, EV 109.4 MPH)
Batting: RHB Pete Downey 0-0: Swinging Strike
0-1: Swinging Strike
0-2: Foul Ball, location: 25F
0-2: Ball
1-2: Ball
2-2: Strikes out swinging
Bottom of the 1st over - 3 runs, 2 hits, 0 errors, 1 left on base; FCL Philadelphia 0 - FCL Arizona 3
TOP OF THE 2ND
FCL Philadelphia Phillies batting - Pitching for FCL Arizona Diamondbacks : RHP Raúl Rodríguez
Batting: RHB José Ray 0-0: Called Strike
0-1: Ball
1-1: Ball
2-1: Ball
3-1: Swinging Strike
3-2: Base on Balls
Batting: RHB Greg Parsons 0-0: Called Strike
0-1: Ball
1-1: Ball
2-1: Swinging Strike
2-2: Foul Ball, location: 7LSF
2-2: Strikes out swinging
Batting: LHB Jim Unknown 0-0: Called Strike
José Ray steals 2nd base
0-1: Foul Ball, location: 3F
0-2: Strikes out swinging
Batting: RHB Jim Unknown 0-0: Ball
1-0: Ball
2-0: Called Strike
2-1: Ball
3-1: Foul Ball, location: 2F
3-2: Strikes out swinging
Top of the 2nd over - 0 runs, 0 hits, 0 errors, 1 left on base; FCL Philadelphia 0 - FCL Arizona 3
BOTTOM OF THE 2ND
FCL Arizona Diamondbacks batting - Pitching for FCL Philadelphia Phillies : RHP Jonathan Brooks
Batting: RHB Jesús Ortega 0-0: Called Strike
0-1: Ball
1-1: Ground out 6-3 (Groundball, 56, EV 100.0 MPH)
Batting: RHB Joe Nelson 0-0: Foul Ball, location: 9LDF
0-1: Foul Ball, location: 25F
0-2: Ball
1-2: Ball
2-2: Ball
3-2: Base on Balls
Batting: RHB Gil Ramírez 0-0: Ball
1-0: Ball
2-0: Called Strike
2-1: Grounds into double play, 6-4-3 (Groundball, 56, EV 84.4 MPH)
Bottom of the 2nd over - 0 runs, 0 hits, 0 errors, 0 left on base; FCL Philadelphia 0 - FCL Arizona 3
TOP OF THE 3RD
FCL Philadelphia Phillies batting - Pitching for FCL Arizona Diamondbacks : RHP Raúl Rodríguez
Batting: LHB Jim Unknown 0-0: Called Strike
0-1: Ball
1-1: Called Strike
1-2: Strikes out swinging
Batting: LHB Jim Unknown 0-0: Swinging Strike
0-1: Foul Ball, location: 7LSF
0-2: Strikes out looking
Batting: SHB Mike Bell 0-0: Called Strike
0-1: Called Strike
0-2: Strikes out swinging
Top of the 3rd over - 0 runs, 0 hits, 0 errors, 0 left on base; FCL Philadelphia 0 - FCL Arizona 3
BOTTOM OF THE 3RD
FCL Arizona Diamondbacks batting - Pitching for FCL Philadelphia Phillies : RHP Jonathan Brooks
Batting: SHB Ed Palmer 0-0: Ball
1-0: Called Strike
1-1: Swinging Strike
1-2: Ball
2-2: SINGLE (Groundball, 6MD, EV 105.6 MPH)
Batting: RHB Juan González 0-0: Foul Ball, location: 7LDF
0-1: Swinging Strike
0-2: Strikes out looking
Batting: LHB Luis Castro 0-0: Ball
1-0: Foul Ball, location: 5DF
1-1: Ball
2-1: Swinging Strike
2-2: Foul Ball, location: 2F
Pickoff Throw to First - Out! 1-3 CS
2-2: Foul Ball, location: 2F
2-2: Ball
3-2: Foul Ball, location: 2F
3-2: Base on Balls
Batting: RHB Tommy Holland 0-0: Ball
1-0: Ball
2-0: Foul Ball, location: 2F
2-1: Called Strike
2-2: Ball
3-2: Foul Ball, location: 2F
3-2: Foul Ball, location: 5SF
3-2: Foul Ball, location: 25F
3-2: Base on Balls
Luis Castro to second
Batting: RHB Teddy Lamb 0-0: Ball
1-0: Called Strike
1-1: Called Strike
1-2: DOUBLE (Line Drive, 9LS, EV 108.1 MPH)
Luis Castro scores
Tommy Holland to third
Runner from 3rd tries for Home, SAFE, no throw by RF
Batting: RHB Pete Downey 0-0: Hit by Pitch
Batting: RHB Jesús Ortega 0-0: Ball
1-0: Ball
2-0: DOUBLE (Line Drive, 78D, EV 100.6 MPH)
Teddy Lamb scores
Pete Downey to third
Runner from 3rd tries for Home, SAFE, throw by CF to trailing runner, SAFE at third!
Batting: RHB Joe Nelson 0-0: Swinging Strike
0-1: Ball
1-1: Foul Ball, location: 2F
1-2: Strikes out swinging
Bottom of the 3rd over - 4 runs, 3 hits, 0 errors, 1 left on base; FCL Philadelphia 0 - FCL Arizona 7
TOP OF THE 4TH
FCL Philadelphia Phillies batting - Pitching for FCL Arizona Diamondbacks : RHP Raúl Rodríguez
Batting: RHB Curt Singleton 0-0: Called Strike
0-1: Foul Ball, location: 5SF
0-2: Ball
1-2: Ball
2-2: Foul Ball, location: 2RF
2-2: Foul Ball, location: 2F
2-2: SINGLE (Line Drive, 4MD, EV 98.8 MPH)
Batting: RHB Rob Castillo 0-0: Ball
1-0: Called Strike
1-1: Fly out, F9 (Flyball, 9LS, EV 90.0 MPH)
Batting: RHB José Ray 0-0: Ball
1-0: Foul Ball, location: 2F
1-1: Ball
2-1: Called Strike
2-2: Foul Ball, location: 2F
2-2: Ball
3-2: Foul Ball, location: 2F
3-2: Strikes out looking
Batting: RHB Greg Parsons 0-0: Foul Ball, location: 3SF
0-1: Foul Ball, location: 9LDF
0-2: Foul Ball, location: 9LDF
0-2: Ball
1-2: SINGLE (Groundball, 4MD, EV 95.0 MPH)
Curt Singleton to second
Batting: LHB Jim Unknown 0-0: Foul Ball, location: 2F
0-1: Swinging Strike
0-2: Ball
1-2: Strikes out looking
Top of the 4th over - 0 runs, 2 hits, 0 errors, 2 left on base; FCL Philadelphia 0 - FCL Arizona 7
BOTTOM OF THE 4TH
FCL Arizona Diamondbacks batting - Pitching for FCL Philadelphia Phillies : RHP Jonathan Brooks
Batting: RHB Gil Ramírez 0-0: Ball
1-0: Ball
2-0: Called Strike
2-1: Swinging Strike
2-2: Foul Ball, location: 2F
2-2: Foul Ball, location: 2F
2-2: Ball
3-2: Ground out 4-3 (Groundball, 4, EV 85.0 MPH)
Batting: SHB Ed Palmer 0-0: Called Strike
0-1: Ball
1-1: Fly out, F7 (Flyball, 7LS, EV 92.5 MPH)
Batting: RHB Juan González 0-0: Called Strike
0-1: Ball
1-1: Ball
2-1: SINGLE (Line Drive, 8LS, EV 86.9 MPH)
Batting: LHB Luis Castro 0-0: Called Strike
0-1: Swinging Strike
0-2: Strikes out swinging
Bottom of the 4th over - 0 runs, 1 hit, 0 errors, 1 left on base; FCL Philadelphia 0 - FCL Arizona 7
TOP OF THE 5TH
FCL Philadelphia Phillies batting - Pitching for FCL Arizona Diamondbacks : RHP Raúl Rodríguez
Batting: RHB Jim Unknown 0-0: Ball
1-0: Foul Ball, location: 2RF
1-1: Ball
2-1: Swinging Strike
2-2: Ball
3-2: Foul Ball, location: 3F
3-2: Strikes out swinging
Batting: LHB Jim Unknown 0-0: Ball
1-0: Swinging Strike
1-1: Ball
2-1: Ball
3-1: Foul Ball, location: 7LMF
3-2: Foul Ball, location: 2F
3-2: Strikes out swinging
Batting: LHB Jim Unknown 0-0: Foul Ball, location: 2F
0-1: Swinging Strike
0-2: Foul Ball, location: 23F
0-2: Strikes out swinging
Top of the 5th over - 0 runs, 0 hits, 0 errors, 0 left on base; FCL Philadelphia 0 - FCL Arizona 7
BOTTOM OF THE 5TH
FCL Arizona Diamondbacks batting - Pitching for FCL Philadelphia Phillies : RHP Jonathan Brooks
Batting: RHB Tommy Holland 0-0: Ball
1-0: Ball
2-0: Ball
3-0: Called Strike
3-1: Foul Ball, location: 5F
3-2: Foul Ball, location: 9LDF
3-2: Foul Ball, location: 2F
3-2: Foul Ball, location: 2F
3-2: Foul Ball, location: 2F
3-2: Strikes out looking
Pitching: LHP Ignacio Díaz
Batting: RHB Teddy Lamb 0-0: Ball
1-0: Fly out, F7 (Flyball, 7S, EV 78.1 MPH)
Batting: RHB Pete Downey 0-0: Ball
1-0: Ball
2-0: Foul Ball, location: 2F
2-1: Foul Ball, location: 9LDF
2-2: Ball
3-2: Foul Ball, location: 2F
3-2: Foul Ball, location: 23F
3-2: Foul Ball, location: 2F
3-2: Strikes out swinging
Bottom of the 5th over - 0 runs, 0 hits, 0 errors, 0 left on base; FCL Philadelphia 0 - FCL Arizona 7
TOP OF THE 6TH
FCL Philadelphia Phillies batting - Pitching for FCL Arizona Diamondbacks : RHP Raúl Rodríguez
Pitching: LHP Sean Rollins
Batting: SHB Mike Bell 0-0: Fly out, F9 (Flyball, 89S, EV 98.1 MPH)
Batting: RHB Curt Singleton 0-0: Ball
1-0: Ball
2-0: Ball
3-0: Called Strike
3-1: Called Strike
3-2: Strikes out looking
Batting: RHB Rob Castillo 0-0: Ball
1-0: Swinging Strike
1-1: Called Strike
1-2: Foul Ball, location: 2F
1-2: Strikes out swinging
Top of the 6th over - 0 runs, 0 hits, 0 errors, 0 left on base; FCL Philadelphia 0 - FCL Arizona 7
BOTTOM OF THE 6TH
FCL Arizona Diamondbacks batting - Pitching for FCL Philadelphia Phillies : LHP Ignacio Díaz
Batting: RHB Jesús Ortega 0-0: Ball
1-0: Ball
2-0: Called Strike
2-1: Ball
3-1: Foul Ball, location: 3F
3-2: Foul Ball, location: 9LDF
3-2: Base on Balls
Batting: RHB Joe Nelson 0-0: Ball
1-0: Ball
2-0: Foul Ball, location: 3F
2-1: Swinging Strike
2-2: Ball
3-2: Foul Ball, location: 2F
3-2: Base on Balls
Jesús Ortega to second
Batting: RHB Gil Ramírez 0-0: Foul Ball, location: 3FF
0-1: Ball
1-1: Ball
2-1: Ball
3-1: Called Strike
3-2: Strikes out swinging
Batting: SHB Ed Palmer 0-0: Ball
1-0: Called Strike
1-1: Foul Ball, location: 5DF
1-2: Foul Ball, location: 2F
1-2: Ball
2-2: Foul Ball, location: 3FF
2-2: DOUBLE (Flyball, 78D, EV 99.4 MPH)
Jesús Ortega scores
Joe Nelson to third
Batting: RHB Juan González 0-0: Called Strike
0-1: Foul Ball, location: 2F
0-2: Foul Ball, location: 2F
0-2: Strikes out swinging
Batting: LHB Luis Castro 0-0: Ball
1-0: Ball
2-0: Called Strike
2-1: Ball
3-1: Foul Ball, location: 2F
3-2: Base on Balls
Batting: RHB Tommy Holland 0-0: Ball
1-0: Ball
2-0: Ball
3-0: Called Strike
3-1: Foul Ball, location: 9LSFF
3-2: Base on Balls
Joe Nelson scores
Ed Palmer to third
Luis Castro to second
Batting: RHB Teddy Lamb 0-0: Ball
1-0: Called Strike
1-1: Ball
Wild Pitch!
Ed Palmer scores
Luis Castro to third
Tommy Holland to second
2-1: Ball
3-1: 3-RUN HOME RUN (Flyball, 78XD, EV 99.4 MPH), Distance : 387 ft
Pitching: RHP Dan Harvey
Batting: RHB Pete Downey 0-0: Foul Ball, location: 3DF
0-1: Ball
1-1: Ball
2-1: Called Strike
2-2: Foul Ball, location: 9LDF
2-2: DOUBLE (Line Drive, 8LXD, EV 110.6 MPH)
Batting: RHB Jesús Ortega 0-0: Ball
1-0: Ball
2-0: Ball
3-0: Called Strike
3-1: Called Strike
3-2: Strikes out looking
Bottom of the 6th over - 6 runs, 3 hits, 0 errors, 1 left on base; FCL Philadelphia 0 - FCL Arizona 13
TOP OF THE 7TH
FCL Philadelphia Phillies batting - Pitching for FCL Arizona Diamondbacks : LHP Sean Rollins
Batting: RHB José Ray 0-0: Called Strike
0-1: DOUBLE (Groundball, 5L, EV 95.6 MPH)
Batting: RHB Greg Parsons 0-0: Ball
1-0: Called Strike
1-1: Ball
2-1: Foul Ball, location: 2F
2-2: Ball
3-2: Strikes out swinging
Batting: LHB Jim Unknown 0-0: Called Strike
0-1: Swinging Strike
0-2: Strikes out swinging
Batting: RHB Jim Unknown 0-0: Ball
1-0: Foul Ball, location: 2LF
1-1: Called Strike
1-2: Ball
2-2: Strikes out swinging
Top of the 7th over - 0 runs, 1 hit, 0 errors, 1 left on base; FCL Philadelphia 0 - FCL Arizona 13
BOTTOM OF THE 7TH
FCL Arizona Diamondbacks batting - Pitching for FCL Philadelphia Phillies : RHP Dan Harvey
Batting: RHB Joe Nelson 0-0: Ball
1-0: Called Strike
1-1: Ball
2-1: Called Strike
2-2: Strikes out swinging
Pinch Hitting: RHB Dave Wade 0-0: Ball
1-0: Ball
2-0: Ball
3-0: Called Strike
3-1: Base on Balls
Pinch Hitting: SHB Eric Bennett 0-0: Ball
1-0: Ball
2-0: Called Strike
2-1: Foul Ball, location: 7LMF
2-2: Strikes out swinging
Pinch Hitting: RHB Art Berrow 0-0: Ball
1-0: Called Strike
1-1: Foul Ball, location: 2F
1-2: Strikes out looking
Bottom of the 7th over - 0 runs, 0 hits, 0 errors, 1 left on base; FCL Philadelphia 0 - FCL Arizona 13
TOP OF THE 8TH
FCL Philadelphia Phillies batting - Pitching for FCL Arizona Diamondbacks : LHP Sean Rollins
Now at 3B: Dave Wade
Now at SS: Jeremy Roberts
Now in LF: Eric Bennett
Batting: LHB Jim Unknown 0-0: Ball
1-0: Ball
2-0: Called Strike
2-1: Called Strike
2-2: Fly out, F6 (Line Drive, 6MD, EV 64.4 MPH)
Now at 3B: Juan Sánchez
Now at SS: Dave Wade
Batting: LHB Jim Unknown 0-0: Ball
1-0: Ball
2-0: Called Strike
2-1: Foul Ball, location: 3F
2-2: Ground out 5-3 (Groundball, 5, EV 80.0 MPH)
Batting: SHB Mike Bell 0-0: Ball
1-0: Ball
2-0: Called Strike
2-1: Foul Ball, location: 2F
2-2: Ball
3-2: Strikes out looking
Top of the 8th over - 0 runs, 0 hits, 0 errors, 0 left on base; FCL Philadelphia 0 - FCL Arizona 13
BOTTOM OF THE 8TH
FCL Arizona Diamondbacks batting - Pitching for FCL Philadelphia Phillies : RHP Dan Harvey
Batting: LHB Luis Castro 0-0: Ball
1-0: Ball
2-0: Ball
3-0: Base on Balls
Pinch Hitting: RHB Jesús Tejada 0-0: Swinging Strike
0-1: Swinging Strike
0-2: Strikes out swinging
Batting: RHB Teddy Lamb 0-0: Called Strike
0-1: Ball
1-1: Ball
2-1: Ball
3-1: Swinging Strike
3-2: Foul Ball, location: 2LF
3-2: Base on Balls
Luis Castro to second
Batting: RHB Pete Downey 0-0: Ball
1-0: Called Strike
1-1: Called Strike
1-2: Foul Ball, location: 7LSF
1-2: Ball
2-2: Fly out, F8 (Flyball, 8LD, EV 93.1 MPH)
Batting: RHB Jesús Ortega 0-0: Ball
1-0: Called Strike
1-1: Called Strike
1-2: Strikes out swinging
Bottom of the 8th over - 0 runs, 0 hits, 0 errors, 2 left on base; FCL Philadelphia 0 - FCL Arizona 13
TOP OF THE 9TH
FCL Philadelphia Phillies batting - Pitching for FCL Arizona Diamondbacks : LHP Sean Rollins
Now in RF: Jesús Tejada
Batting: RHB Curt Singleton 0-0: Swinging Strike
0-1: Ball
1-1: Foul Ball, location: 9LDF
1-2: Strikes out swinging
Pinch Hitting: RHB Jim Unknown 0-0: Swinging Strike
0-1: Foul Ball, location: 9LMF
0-2: Strikes out swinging
Batting: RHB José Ray 0-0: Called Strike
0-1: Ball
1-1: Called Strike
1-2: Strikes out swinging
Top of the 9th over - 0 runs, 0 hits, 0 errors, 0 left on base; FCL Philadelphia 0 - FCL Arizona 13
Wednesday, May 1st , 2024 - OOTP Baseball 24.10 Build 82